 Dungeon Crawl Stone Soup version 0.29.1-2-gbd0b4ee654 (webtiles) character file.

Game seed: 3683077010248700018

63 GreyOathDragon the Firebug (level 3, -1/25 HPs)
             Began as a Demonspawn Fire Elementalist on Nov 30, 2022.
             Slain by a frilled lizard (2 damage)
             ... on level 3 of the Dungeon.
             The game lasted 00:09:24 (2520 turns).

GreyOathDragon the Firebug (DsFE)                   Turns: 2520, Time: 00:09:26

Health: -1/25      AC:  4    Str:  8    XL:     3   Next: 89%
Magic:  1/6        EV: 12    Int: 18    God:
Gold:   100        SH:  5    Dex: 13    Spells: 0/6 levels left

rFire   . . .      SeeInvis .   h - +0 mace
rCold   . . .      Faith    .   (no shield)
rNeg    . . .      Spirit   .   a - +0 robe
rPois   .          Reflect  +   (no helmet)
rElec   .          Harm     .   (no cloak)
rCorr   .          Rampage  .   (no gloves)
Will    .....                   (no boots)
Stlth   ++........              c - amulet of reflection
HPRegen 0.08/turn               (no ring)
MPRegen 0.10/turn               (no ring)

@: no status effects
A: rugged brown scales 2
a: no special abilities


You were on level 3 of the Dungeon.
You visited 1 branch of the dungeon, and saw 3 of its levels.

You collected 100 gold pieces.

Inventory:

Hand Weapons
 d - a +0 whip
 h - a +0 mace (weapon)
Armour
 a - a +0 robe (worn)
 e - a +0 ring mail
Jewellery
 c - an amulet of reflection (around neck)
 n - a ring of willpower
Scrolls
 f - 2 scrolls of teleportation {unknown}
 i - a scroll of amnesia {unknown}
 l - a scroll of poison {unknown}
 m - a scroll of identify {unknown}
Potions
 b - a potion of magic
 g - a potion of lignification {unknown}
 j - 2 potions of curing {unknown}
 k - a potion of attraction {unknown}
 o - a potion of resistance {unknown}


   Skills:
 + Level 1.2 Maces & Flails
 - Level 2.0 Dodging
 - Level 2.0 Stealth
 + Level 2.4 Spellcasting
 + Level 1.9 Conjurations
 + Level 3.1 Fire Magic


You couldn't memorise any spells.
You knew the following spells:

 Your Spells              Type           Power      Damage    Failure   Level
a - Foxfire               Conj/Fire      44%        2x1d6     6%          1
b - Scorch                Fire           26%        2d6       7%          2
c - Conjure Flame         Conj/Fire      11%        6-21      19%         3

Your spell library contained the following spells:

 Spells                   Type           Power      Damage    Failure   Level
 Apportation              Tloc           4%         N/A       17%         1
 Necrotise                Necr           8%         1d4       17%         1
 Summon Small Mammal      Summ           8%         N/A       17%         1
 Ensorcelled Hibernation  Hex/Ice        4%         N/A       26%         2
 Inner Flame              Hex/Fire       7%         N/A       26%         3
 Spider Form              Tmut/Pois      2%         N/A       45%         3
 Flame Wave               Conj/Fire      11%        2d6       52%         4
 Anguish                  Hex/Necr       1%         N/A       86%         4


Dungeon Overview and Level Annotations

Branches:
Dungeon (3/15)

Altars:


Innate Abilities, Weirdness & Mutations

You are mostly covered in rugged brown scales. (AC +2, +5% HP)


Message History

The gnoll misses you.
Unknown command.
Casting: Scorch (safe; 7% risk of failure)
Confirm with . or Enter, or press ? or * to list all spells.
You don't have enough magic to cast this spell.
The gnoll attacks as you move away! The gnoll hits you with a +0 club.
A frilled lizard comes into view.
The gnoll attacks as you move away! The gnoll hits you with a +0 club.
The gnoll attacks as you move away! You block the gnoll's attack.
The gnoll attacks as you move away! The gnoll hits you with a +0 club.
The gnoll misses you.
Casting: Scorch (safe; 7% risk of failure)
Confirm with . or Enter, or press ? or * to list all spells.
You conjure some foxfire!
The gnoll shouts!
The gnoll closely misses you. The gnoll barely misses you.
The foxfire hits the gnoll.
The gnoll is moderately wounded.
The foxfire hits the gnoll.
The gnoll is heavily wounded.
The gnoll barely misses you. The gnoll closely misses you.
You barely miss the gnoll.
The gnoll is heavily wounded.
The gnoll hits you with a +0 club. The gnoll closely misses you.
You block the gnoll's attack. The gnoll hits you with a +0 whip.
The gnoll barely misses you.
Casting: Foxfire (safe; 6% risk of failure)
Confirm with . or Enter, or press ? or * to list all spells.
You conjure some foxfire!
The gnoll closely misses you. The gnoll hits you with a +0 whip!
* * * LOW HITPOINT WARNING * * *
The gnoll completely misses you.
You thump the gnoll!
You kill the gnoll!
The foxfire hits the gnoll.
The gnoll is severely wounded.
The foxfire hits the frilled lizard.
The frilled lizard is heavily wounded.
You block the gnoll's attack. The frilled lizard bites you.
You die...

#.#.#.#.#.# #.#.#.#.##
#.#.#.#.#.# #.#.#.#.#.##
#.#.#.#.#.#.#
#.#+#+#+#.#+##############
#.#.......g.....#.#.#.#...#
#.#
.......l......#.#.#.##.. ##
......)@g....#########..
.............# #..
.............# ##>
############## ##


You could see 2 gnolls and a frilled lizard.

Vanquished Creatures
  A gnoll (D:3)
  An adder (D:2)
  A worm (D:3)
  A dart slug (D:1)
  3 ball pythons (D:1)
  5 bats
  2 endoplasms (D:1)
  2 giant cockroaches (D:1)
  4 goblins
  8 hobgoblins
  7 kobolds
  4 quokkas
  4 frilled lizards
  3 rats
46 creatures vanquished.

Vanquished Creatures (others)
  91 foxfires
91 creatures vanquished.

Grand Total: 137 creatures vanquished

Notes
Turn   | Place    | Note
-------+----------+-------------------------------------------
     0 | D:1      | GreyOathDragon the Demonspawn Fire Elementalist began the
                  | quest for the Orb.
     0 | D:1      | Reached XP level 1. HP: 13/13 MP: 3/3
   157 | D:1      | Gained mutation: You are partially covered in rugged brown
                  | scales. (AC +1, +3% HP) [demonic ancestry]
   157 | D:1      | Reached XP level 2. HP: 13/19 MP: 1/5
   965 | D:1      | Gained mutation: You are mostly covered in rugged brown
                  | scales. (AC +2, +5% HP) [demonic ancestry]
   965 | D:1      | Reached XP level 3. HP: 11/25 MP: 4/6
  1531 | D:2      | Reached skill level 3 in Fire Magic
  1534 | D:2      | Reached skill level 1 in Maces & Flails
  2230 | D:2      | Learned a level 2 spell: Scorch
  2234 | D:2      | Learned a level 3 spell: Conjure Flame
  2519 | D:3      | HP: 1/25 [gnoll/+0 whip (7)]
  2520 | D:3      | Slain by a frilled lizard

Illustrated notes

Levels and vault maps discovered:
D:1:      ebering_trefoil_twist, layout_loops_ring, kennysheep_decorative_pillar
D:2:      layout_basic, ebering_dispersal_statue_hall
D:3:      layout_basic, nicolae_qazlal_eye_of_the_storm, serial_rivers,
          chequers_serial_rivers_room_a, chequers_serial_rivers_small_3,
          chequers_serial_rivers_micro_b, chequers_serial_rivers_small_3

Skill      XL: |  1  2  3 |
---------------+----------+-----
Stealth        | 2 |  2.0
Dodging        | 2 |  2.0
Fire Magic     | 3 |  3.1
Maces & Flails | 1 |  1.2
Spellcasting   | |  2.4
Conjurations   | |  1.9

Action                   || total
-------------------------++-------
Melee: Unarmed           ||     3
       Whip              ||    28
       Mace              ||    21
       Punch             ||     1
 Cast: Foxfire           ||    51
       Scorch            ||     2
 Stab: Sleeping          ||     1
Armor: Robe              ||    26
Dodge: Dodged            ||    55
Block: Other             ||     5
